| TOP OF THE 1ST |
|
Vanderbilt University Commodores batting - Pitching for Rice University Owls : RHP Cahya Sumual
|
|
Pitching: RHP Cahya Sumual
|
|
|
Batting: RHB Takashi Takeuchi
|
0-0: Ball 1-0: Foul Ball, location: 2F 1-1: Ball 2-1: Ground out 3-1 (Groundball, 34S, EV 86.2 MPH)
|
|
Batting: RHB Jose Ramos
|
0-0: Swinging Strike 0-1: Foul Ball, location: 2F 0-2: Strikes out swinging
|
|
Batting: RHB Edgar Fernandez
|
0-0: Ball 1-0: Ball 2-0: Fly out, F9 (Flyball, 9D, EV 99.4 MPH)
|
| Top of the 1st over - 0 runs, 0 hits, 0 errors, 0 left on base; Vanderbilt University 0 - Rice University 0 |
| BOTTOM OF THE 1ST |
|
Rice University Owls batting - Pitching for Vanderbilt University Commodores : RHP Gabriel Marsh
|
|
Pitching: RHP Gabriel Marsh
|
|
|
Batting: RHB Caleb Mercer
|
0-0: Ball 1-0: Foul Ball, location: 2F 1-1: SINGLE (Groundball, 6M, EV 95.0 MPH)
|
|
Batting: LHB Chris Gonzales
|
0-0: Ball 1-0: Ball 2-0: Called Strike 2-1: Ball 3-1: Called Strike 3-2: Ground out 1-3 (Groundball, 13S, EV 61.2 MPH) Caleb Mercer to second
|
|
Batting: RHB Jose Soto
|
0-0: Ball 1-0: Swinging Strike 1-1: Ball 2-1: Foul Ball, location: 2F 2-2: Foul Ball, location: 2F 2-2: Strikes out swinging
|
|
Batting: SHB Ken Wilson
|
0-0: Foul Ball, location: 2F 0-1: 2-RUN HOME RUN (Flyball, 9D, EV 96.2 MPH), Distance : 363 ft
|
|
Batting: RHB Neil Worth
|
0-0: Ball 1-0: Ball 2-0: Called Strike 2-1: Swinging Strike 2-2: Strikes out swinging
|
| Bottom of the 1st over - 2 runs, 2 hits, 0 errors, 0 left on base; Vanderbilt University 0 - Rice University 2 |
| TOP OF THE 2ND |
|
Vanderbilt University Commodores batting - Pitching for Rice University Owls : RHP Cahya Sumual
|
|
Batting: LHB Tokito Ishizaki
|
0-0: Fly out, F7 (Line Drive, 7, EV 99.4 MPH)
|
|
Batting: RHB En-lai Kong
|
0-0: Ground out 1-3 (Groundball, P, EV 67.5 MPH)
|
|
Batting: RHB Pakiana Kileona
|
0-0: Ground out 1-3 (Groundball, 15S, EV 70.6 MPH)
|
| Top of the 2nd over - 0 runs, 0 hits, 0 errors, 0 left on base; Vanderbilt University 0 - Rice University 2 |
| BOTTOM OF THE 2ND |
|
Rice University Owls batting - Pitching for Vanderbilt University Commodores : RHP Gabriel Marsh
|
|
Batting: RHB Bill Turcotte
|
0-0: Foul Ball, location: 2F 0-1: Ball 1-1: Called Strike 1-2: Foul Ball, location: 2F 1-2: Ground out 6-3 (Groundball, 6, EV 81.2 MPH)
|
|
Batting: RHB Alex Alvarez
|
0-0: Ball 1-0: Ball 2-0: Ball 3-0: Called Strike 3-1: Base on Balls
|
|
Batting: RHB Emanuel Pulido
|
0-0: Ball 1-0: Fly out, F9 (Flyball, 89M, EV 81.2 MPH)
|
|
Batting: RHB Frank Renteria
|
0-0: Swinging Strike 0-1: Swinging Strike 0-2: Ball 1-2: Foul Ball, location: 2F 1-2: Fielders Choice at 2nd, 6-4 (Groundball, 6, EV 90.6 MPH)
|
| Bottom of the 2nd over - 0 runs, 0 hits, 0 errors, 1 left on base; Vanderbilt University 0 - Rice University 2 |
| TOP OF THE 3RD |
|
Vanderbilt University Commodores batting - Pitching for Rice University Owls : RHP Cahya Sumual
|
|
Batting: RHB Ruben Reyna
|
0-0: Ball 1-0: Ball 2-0: Called Strike 2-1: Called Strike 2-2: Foul Ball, location: 2F 2-2: Foul Ball, location: 2F 2-2: Fly out, F9 (Flyball, 9S, EV 85.0 MPH)
|
|
Batting: RHB Sam Kerwin
|
0-0: Ball 1-0: Foul Ball, location: 2F 1-1: Called Strike 1-2: Ground out 4-3 (Groundball, 4, EV 106.2 MPH)
|
|
Batting: SHB Robbie Glover
|
0-0: Swinging Strike 0-1: Ground out 6-3 (Groundball, 6, EV 88.8 MPH)
|
| Top of the 3rd over - 0 runs, 0 hits, 0 errors, 0 left on base; Vanderbilt University 0 - Rice University 2 |
| BOTTOM OF THE 3RD |
|
Rice University Owls batting - Pitching for Vanderbilt University Commodores : RHP Gabriel Marsh
|
|
Batting: RHB Caleb Mercer
|
0-0: Called Strike 0-1: Called Strike 0-2: Ball 1-2: Fly out, F9 (Flyball, 9S, EV 89.4 MPH)
|
|
Batting: LHB Chris Gonzales
|
0-0: Foul Ball, location: 2F 0-1: Foul Ball, location: 2F 0-2: Foul Ball, location: 2F 0-2: Ball 1-2: Ground out 6-3 (Groundball, 6S, EV 78.8 MPH)
|
|
Batting: RHB Jose Soto
|
0-0: Ball 1-0: Fly out, F7 (Flyball, 78M, EV 91.9 MPH)
|
| Bottom of the 3rd over - 0 runs, 0 hits, 0 errors, 0 left on base; Vanderbilt University 0 - Rice University 2 |
| TOP OF THE 4TH |
|
Vanderbilt University Commodores batting - Pitching for Rice University Owls : RHP Cahya Sumual
|
|
Batting: RHB Takashi Takeuchi
|
0-0: Swinging Strike 0-1: Foul Ball, location: 2F 0-2: Foul Ball, location: 2F 0-2: Foul Ball, location: 2F 0-2: Strikes out swinging, 2-3 out at first.
|
|
Batting: RHB Jose Ramos
|
0-0: Ball 1-0: SINGLE (Groundball, 56D, EV 97.5 MPH)
|
|
Batting: RHB Edgar Fernandez
|
0-0: Ball 1-0: Foul Ball, location: 2F 1-1: Ball 2-1: Called Strike 2-2: Fly out, F8 (Flyball, 8LD, EV 100.0 MPH)
|
|
Batting: LHB Tokito Ishizaki
|
0-0: Ball 1-0: Called Strike 1-1: Fielders Choice at 2nd, 5-4 (Groundball, 56, EV 83.8 MPH)
|
| Top of the 4th over - 0 runs, 1 hit, 0 errors, 1 left on base; Vanderbilt University 0 - Rice University 2 |
| BOTTOM OF THE 4TH |
|
Rice University Owls batting - Pitching for Vanderbilt University Commodores : RHP Gabriel Marsh
|
|
Batting: SHB Ken Wilson
|
0-0: Ground out U3 (Groundball, 3, EV 80.0 MPH)
|
|
Batting: RHB Neil Worth
|
0-0: Ball 1-0: Fly out, F7 (Flyball, BS2, EV 98.1 MPH)
|
|
Batting: RHB Bill Turcotte
|
0-0: Swinging Strike 0-1: Ground out 5-3 (Groundball, 56, EV 101.9 MPH)
|
| Bottom of the 4th over - 0 runs, 0 hits, 0 errors, 0 left on base; Vanderbilt University 0 - Rice University 2 |
| TOP OF THE 5TH |
|
Vanderbilt University Commodores batting - Pitching for Rice University Owls : RHP Cahya Sumual
|
|
Batting: RHB En-lai Kong
|
0-0: Ball 1-0: SINGLE (Line Drive, 9S, EV 104.4 MPH)
|
|
Batting: RHB Pakiana Kileona
|
0-0: Called Strike 0-1: Ball 1-1: Ball 2-1: Ball 3-1: Base on Balls En-lai Kong to second
|
|
Batting: RHB Ruben Reyna
|
0-0: Foul Ball, location: 2F 0-1: Ball 1-1: Foul Ball, location: 2F 1-2: Strikes out swinging
|
|
Batting: RHB Sam Kerwin
|
0-0: Called Strike 0-1: Grounds into double play, 6-4-3 (Groundball, 6, EV 101.9 MPH)
|
| Top of the 5th over - 0 runs, 1 hit, 0 errors, 1 left on base; Vanderbilt University 0 - Rice University 2 |
| BOTTOM OF THE 5TH |
|
Rice University Owls batting - Pitching for Vanderbilt University Commodores : RHP Gabriel Marsh
|
|
Batting: RHB Alex Alvarez
|
0-0: Swinging Strike 0-1: Hit by Pitch
|
|
Batting: RHB Emanuel Pulido
|
0-0: Called Strike 0-1: Ball 1-1: Sac Bunt to 15S - play at first, batter OUT! 1-3 Alex Alvarez to second
|
|
Batting: RHB Frank Renteria
|
0-0: Foul Ball, location: 2F 0-1: Foul Ball, location: 2F 0-2: SINGLE (Line Drive, 78M, EV 100.6 MPH) Alex Alvarez to third Runner from 3rd tries for Home, SAFE, throw by CF to home Frank Renteria to second
|
|
Batting: RHB Caleb Mercer
|
0-0: Ball 1-0: Ball 2-0: Called Strike 2-1: Ball 3-1: SINGLE (Groundball, 5S, EV 70.0 MPH) (infield hit) Frank Renteria to third
|
|
Batting: LHB Chris Gonzales
|
0-0: Foul Ball, location: 2F 0-1: DOUBLE (Line Drive, 78D, EV 88.8 MPH) Frank Renteria scores Caleb Mercer to third
|
|
Batting: RHB Jose Soto
|
0-0: Ball 1-0: Called Strike 1-1: Ball 2-1: Foul Ball, location: 2F 2-2: Ground out U3 (Groundball, 3, EV 107.5 MPH)
|
|
Batting: SHB Ken Wilson
|
0-0: Called Strike 0-1: SINGLE (Groundball, 34D, EV 98.8 MPH) Caleb Mercer scores Chris Gonzales to third Runner from 3rd tries for Home, SAFE, throw by RF to home
|
|
Pitching: RHP Craig Wayne
|
|
|
Batting: RHB Neil Worth
|
0-0: Foul Ball, location: 2F 0-1: Ball Wild Pitch! Ken Wilson to second 1-1: Ball 2-1: Swinging Strike 2-2: Ball 3-2: Base on Balls
|
|
Batting: RHB Bill Turcotte
|
0-0: Called Strike 0-1: Foul Ball, location: 2F 0-2: Ball 1-2: Strikes out swinging
|
| Bottom of the 5th over - 4 runs, 4 hits, 0 errors, 2 left on base; Vanderbilt University 0 - Rice University 6 |
| TOP OF THE 6TH |
|
Vanderbilt University Commodores batting - Pitching for Rice University Owls : RHP Cahya Sumual
|
|
Batting: SHB Robbie Glover
|
0-0: Swinging Strike 0-1: SINGLE (Groundball, 6M, EV 95.6 MPH)
|
|
Batting: RHB Takashi Takeuchi
|
0-0: Swinging Strike 0-1: Ball 1-1: Swinging Strike 1-2: SINGLE (Groundball, 4D, EV 97.5 MPH) Robbie Glover to second Runner from 2nd tries for 3rd, SAFE, throw by CF made to third
|
|
Batting: RHB Jose Ramos
|
0-0: Ball 1-0: Ball 2-0: Called Strike 2-1: Ball 3-1: Swinging Strike 3-2: Strikes out swinging
|
|
Batting: RHB Edgar Fernandez
|
0-0: Ball 1-0: Ball 2-0: Ball 3-0: Called Strike 3-1: SINGLE (Groundball, 6M, EV 105.6 MPH) (infield hit) Robbie Glover scores Takashi Takeuchi to second
|
|
Batting: LHB Tokito Ishizaki
|
0-0: Called Strike 0-1: Ball Wild Pitch! Takashi Takeuchi to third Edgar Fernandez to second 1-1: Ball 2-1: Swinging Strike 2-2: Fly out, F5 (Popup, 5L, EV 72.5 MPH)
|
|
Batting: RHB En-lai Kong
|
0-0: Called Strike 0-1: SINGLE (Flyball, 78S, EV 90.0 MPH) Takashi Takeuchi scores Edgar Fernandez to third Runner from 3rd tries for Home, SAFE, throw by LF to home
|
|
Batting: RHB Pakiana Kileona
|
0-0: Ball 1-0: Foul Ball, location: 2F 1-1: Fly out, F9 (Flyball, 9D, EV 107.5 MPH)
|
| Top of the 6th over - 3 runs, 4 hits, 0 errors, 1 left on base; Vanderbilt University 3 - Rice University 6 |
| BOTTOM OF THE 6TH |
|
Rice University Owls batting - Pitching for Vanderbilt University Commodores : RHP Craig Wayne
|
|
Batting: RHB Alex Alvarez
|
0-0: Called Strike 0-1: Foul Ball, location: 2F 0-2: Ball 1-2: Foul Ball, location: 2F 1-2: Ball 2-2: Ball 3-2: Fly out, F9 (Flyball, 9LM, EV 93.8 MPH)
|
|
Batting: RHB Emanuel Pulido
|
0-0: Called Strike 0-1: Called Strike 0-2: Foul Ball, location: 2F 0-2: Ball 1-2: Ground out 6-3 (Groundball, 6S, EV 86.2 MPH)
|
|
Batting: RHB Frank Renteria
|
0-0: Ground out 4-3 (Groundball, 4M, EV 100.6 MPH)
|
| Bottom of the 6th over - 0 runs, 0 hits, 0 errors, 0 left on base; Vanderbilt University 3 - Rice University 6 |
| TOP OF THE 7TH |
|
Vanderbilt University Commodores batting - Pitching for Rice University Owls : RHP Cahya Sumual
|
|
Batting: RHB Ruben Reyna
|
0-0: Foul Ball, location: 2F 0-1: Fly out, F6 (Popup, 6MS, EV 75.0 MPH)
|
|
Batting: RHB Sam Kerwin
|
0-0: Called Strike 0-1: Foul Ball, location: 2F 0-2: Strikes out swinging
|
|
Batting: SHB Robbie Glover
|
0-0: Ball 1-0: Fly out, F7 (Line Drive, 78M, EV 92.5 MPH)
|
| Top of the 7th over - 0 runs, 0 hits, 0 errors, 0 left on base; Vanderbilt University 3 - Rice University 6 |
| BOTTOM OF THE 7TH |
|
Rice University Owls batting - Pitching for Vanderbilt University Commodores : RHP Craig Wayne
|
|
Pitching: RHP Bill Mata
|
|
|
Batting: RHB Caleb Mercer
|
0-0: Ball 1-0: Swinging Strike 1-1: Ground out 6-3 (Groundball, 6, EV 80.0 MPH)
|
|
Batting: LHB Chris Gonzales
|
0-0: Ball 1-0: Ball 2-0: Called Strike 2-1: Ball 3-1: Fly out, F8 (Flyball, 8RM, EV 91.2 MPH)
|
|
Batting: RHB Jose Soto
|
0-0: Called Strike 0-1: SOLO HOME RUN (Line Drive, 7LD, EV 108.8 MPH), Distance : 392 ft
|
|
Batting: SHB Ken Wilson
|
0-0: Ground out 3-1 (Groundball, 34S, EV 83.8 MPH)
|
| Bottom of the 7th over - 1 run, 1 hit, 0 errors, 0 left on base; Vanderbilt University 3 - Rice University 7 |
| TOP OF THE 8TH |
|
Vanderbilt University Commodores batting - Pitching for Rice University Owls : RHP Cahya Sumual
|
|
Pitching: RHP Dejenie Mensah
|
|
|
Batting: RHB Takashi Takeuchi
|
0-0: Ball 1-0: Ball 2-0: DOUBLE (Line Drive, 89M, EV 96.9 MPH)
|
|
Batting: RHB Jose Ramos
|
0-0: Called Strike 0-1: DOUBLE (Flyball, 78D, EV 108.1 MPH) Takashi Takeuchi scores
|
|
Batting: RHB Edgar Fernandez
|
0-0: Swinging Strike 0-1: Called Strike 0-2: Ball 1-2: Ball 2-2: Fly out, F9 (Flyball, 9D, EV 81.9 MPH)
|
|
Batting: LHB Tokito Ishizaki
|
0-0: Ball 1-0: Called Strike 1-1: Called Strike 1-2: Ball 2-2: SINGLE (Line Drive, 34, EV 95.6 MPH) Jose Ramos to third
|
|
Batting: RHB En-lai Kong
|
0-0: Ball 1-0: Ball 2-0: Called Strike 2-1: Foul Ball, location: 2F 2-2: Foul Ball, location: 2F 2-2: Strikes out looking
|
|
Batting: RHB Pakiana Kileona
|
0-0: Swinging Strike 0-1: Foul Ball, location: 2F 0-2: Foul Ball, location: 2F 0-2: Ground out 1-3 (Groundball, 13S, EV 70.0 MPH)
|
| Top of the 8th over - 1 run, 3 hits, 0 errors, 2 left on base; Vanderbilt University 4 - Rice University 7 |
| BOTTOM OF THE 8TH |
|
Rice University Owls batting - Pitching for Vanderbilt University Commodores : RHP Bill Mata
|
|
Batting: RHB Neil Worth
|
0-0: Foul Ball, location: 2F 0-1: Called Strike 0-2: Ball 1-2: Ball 2-2: Ball 3-2: SINGLE (Flyball, 3D, EV 90.0 MPH)
|
|
Batting: RHB Bill Turcotte
|
0-0: Ball 1-0: Ball 2-0: Ball 3-0: Called Strike 3-1: Foul Ball, location: 2F 3-2: Fly out, F7 (Flyball, 7D, EV 80.0 MPH)
|
|
Batting: RHB Alex Alvarez
|
0-0: Ball 1-0: Ball Wild Pitch! Neil Worth to second 2-0: Ground out 6-3 (Groundball, 6, EV 107.5 MPH)
|
|
Batting: RHB Emanuel Pulido
|
0-0: Ball 1-0: Called Strike 1-1: Ball 2-1: Fly out, F9 (Flyball, 9D, EV 90.0 MPH)
|
| Bottom of the 8th over - 0 runs, 1 hit, 0 errors, 1 left on base; Vanderbilt University 4 - Rice University 7 |
| TOP OF THE 9TH |
|
Vanderbilt University Commodores batting - Pitching for Rice University Owls : RHP Dejenie Mensah
|
|
Pitching: LHP Mitchell Carter
|
|
|
Batting: RHB Ruben Reyna
|
0-0: Foul Ball, location: 2F 0-1: Foul Ball, location: 2F 0-2: Ball 1-2: Ball 2-2: Ball 3-2: Ground out 5-3 (Groundball, 5, EV 81.9 MPH)
|
|
Pinch Hitting: RHB Paul Johnson
|
0-0: Ball 1-0: Ball 2-0: Fly out, F8 (Line Drive, 8LD, EV 93.1 MPH)
|
|
Pinch Hitting: RHB Brian Pflughoeft
|
0-0: Fly out, F9 (Flyball, 9D, EV 87.5 MPH)
|
| Top of the 9th over - 0 runs, 0 hits, 0 errors, 0 left on base; Vanderbilt University 4 - Rice University 7 |
|